Map: Pillars of Gold LE

Players

nanO

  • Race: Protoss Protoss
  • League: Master
  • Spawn Location: 7:00

eGGz - Winner!

  • Race: Zerg Zerg
  • League: Grandmaster
  • Spawn Location: 1:00

Event: DreamHack SC2 Masters 2020 Winter

VOD

Have the link to the VOD?

Description

Time

  • Played on: Oct. 18, 2020, 9:55 p.m.
  • Length: 10:01

All games in this series

Show
View Real Time Build Order
Export as new Build Order

nanO Protoss 

Build Orders: 1 Gate Expand, Carriers 

Get SALT Encoding   

  12  0:00  Probe  
  13  0:12  Probe  
  14  0:17  Pylon  
  14  0:24  Probe (Chrono Boost)  
  15  0:36  Probe (Chrono Boost)  
  15  0:39  Gateway  
  16  0:45  Probe (Chrono Boost)  
  16  0:48  Assimilator  
  17  0:50  Probe  
  18  1:03  Probe  
  19  1:15  Probe  
  20  1:27  Nexus  
  20  1:37  Cybernetics Core  
  20  1:40  Probe  
  21  1:47  Assimilator  
  21  1:52  Probe  
  22  1:57  Pylon  
  22  2:04  Probe  
  23  2:12  Adept (Chrono Boost)  
  25  2:17  Probe  
  25  2:21  Stargate  
  26  2:29  Probe  
  27  2:35  Stalker  
  29  2:39  Warp Gate  
  29  2:42  Probe (Chrono Boost)  
  31  2:47  Probe (Chrono Boost)  
  32  2:51  Probe (Chrono Boost)  
  32  2:55  Probe (Chrono Boost)  
  32  2:56  Probe (Chrono Boost)  
  32  2:58  Void Ray (Chrono Boost)  
  34  3:06  Probe  
  34  3:08  Probe  
  40  3:14  Pylon  
  40  3:18  Probe  
  41  3:20  Probe  
  42  3:28  Gateway  
  42  3:30  Probe  
  42  3:32  Probe  
  47  3:42  Probe  
  47  3:44  Probe  
  47  3:46  Void Ray (Chrono Boost)  
  49  3:49  Assimilator  
  49  3:51  Assimilator  
  49  3:52  Pylon  
  49  3:54  Probe  
  51  3:58  Probe  
  52  4:05  Pylon  
  52  4:06  Probe  
  53  4:10  Probe  
  54  4:18  Probe  
  54  4:23  Fleet Beacon, Probe  
  56  4:30  Stargate  
  56  4:31  Probe  
  56  4:32  Zealot, Void Ray (Chrono Boost)  
  56  4:35  Probe  
  60  4:43  Probe  
  60  4:45  Pylon  
  65  4:55  Probe  
  65  4:56  Probe  
  67  5:02  Nexus  
  68  5:07  Probe  
  68  5:08  Adept x2  
  69  5:16  Protoss Air Weapons Level 1 (Chrono Boost)  
  69  5:18  Carrier (Chrono Boost)  
  69  5:21  Pylon  
  75  5:30  Nexus  
  81  5:43  Carrier (Chrono Boost)  
  81  5:46  Pylon  
  81  5:47  Probe  
  81  5:48  Probe  
  83  5:56  Shield Battery  
  83  5:59  Probe  
  83  6:00  Probe  
  85  6:05  Zealot x2  
  82  6:11  Probe  
  82  6:13  Probe  
  82  6:14  Carrier (Chrono Boost)  
  88  6:23  Probe  
  88  6:25  Probe  
  90  6:34  Pylon  
  90  6:35  Probe  
  91  6:41  Pylon  
  91  6:43  Probe x2  
  99  6:48  Probe  
  99  6:52  Shield Battery  
  100  6:55  Carrier (Chrono Boost), Probe  
  100  6:56  Probe  
  100  7:00  Probe  
  103  7:02  Zealot, Stargate  
  105  7:10  Probe  
  105  7:14  Carrier (Chrono Boost), Probe x2  
  105  7:15  Assimilator  
  106  7:19  Assimilator  
  106  7:22  Probe  
  113  7:26  Adept, Probe  
  113  7:28  Probe  
  117  7:34  Pylon  
  117  7:36  Pylon  
  117  7:40  Shield Battery  
  117  7:41  Zealot  
  117  7:45  Shield Battery  
  123  7:52  Probe  
  123  7:56  Carrier (Chrono Boost)  
  124  8:02  Probe  
  129  8:10  Zealot x2  
  133  8:17  Carrier (Chrono Boost)  
  131  8:21  Probe x2  
  131  8:25  Probe  
  140  8:31  Carrier (Chrono Boost)  
  140  8:33  Probe  
  132  8:36  Probe  
  132  8:38  Probe  
  121  8:48  Probe  
  112  8:50  Zealot x2  
  90  9:14  Probe x2  
  85  9:34  Probe x2  
Show
View Real Time Build Order
Export as new Build Order

eGGz Zerg - Winner!

Build Orders: Hatch First 

Get SALT Encoding   

  12  0:00  Drone  
  13  0:14  Overlord  
  13  0:19  Drone  
  14  0:33  Drone x2  
  16  0:50  Hatchery  
  16  0:53  Drone  
  16  0:56  Drone  
  17  1:00  Drone  
  18  1:06  Extractor  
  18  1:09  Drone  
  18  1:20  Spawning Pool  
  18  1:24  Drone  
  18  1:30  Drone  
  19  1:44  Drone  
  20  1:55  Overlord  
  20  2:05  Drone  
  20  2:06  Queen x2  
  20  2:07  Zergling x2  
  26  2:11  Metabolic Boost  
  26  2:14  Drone  
  27  2:17  Drone  
  28  2:23  Drone  
  28  2:24  Drone  
  30  2:34  Zergling x2  
  31  2:44  Hatchery  
  30  2:45  Drone  
  31  2:52  Drone x2  
  31  2:55  Overlord  
  33  3:02  Queen  
  33  3:05  Drone  
  36  3:15  Zergling x4  
  38  3:23  Drone x2, Evolution Chamber  
  38  3:24  Drone x3  
  42  3:29  Drone  
  42  3:34  Zergling x2  
  43  3:43  Overlord  
  43  3:47  Spore Crawler, Queen  
  44  3:53  Overlord  
  44  3:54  Zerg Melee Weapons Level 1  
  44  3:56  Drone  
  44  3:59  Drone x3  
  44  4:01  Drone  
  48  4:03  Drone  
  48  4:05  Drone  
  48  4:07  Spore Crawler  
  48  4:08  Drone  
  48  4:09  Drone  
  51  4:15  Lair  
  51  4:16  Drone  
  52  4:18  Drone  
  52  4:20  Zergling x4  
  55  4:25  Zergling x4  
  55  4:27  Drone  
  55  4:30  Drone x2  
  60  4:35  Drone x3, Extractor  
  60  4:36  Extractor  
  60  4:37  Drone  
  61  4:39  Drone x2  
  61  4:44  Queen  
  65  4:48  Overlord  
  65  4:51  Zergling x2  
  65  4:53  Overlord  
  65  4:54  Overlord  
  65  4:58  Overlord  
  65  5:08  Drone x2  
  68  5:14  Drone x2  
  68  5:15  Hydralisk Den, Queen  
  68  5:17  Drone  
  68  5:18  Zergling x14  
  77  5:26  Drone  
  77  5:27  Drone x3  
  77  5:29  Extractor  
  77  5:30  Extractor x2  
  77  5:32  Drone  
  77  5:33  Drone x2  
  77  5:39  Drone x3  
  77  5:40  Infestation Pit  
  77  5:42  Drone x4  
  83  5:47  Grooved Spines  
  83  5:48  Hydralisk  
  85  5:54  Hydralisk x3  
  91  5:57  Overlord  
  90  6:09  Overlord  
  90  6:11  Overlord  
  88  6:15  Overlord  
  88  6:19  Hydralisk x4  
  96  6:26  Drone  
  96  6:27  Overlord  
  96  6:29  Drone x3  
  100  6:33  Hydralisk x2  
  100  6:37  Hatchery  
  103  6:45  Infestor x2  
  107  6:48  Hydralisk  
  107  6:49  Hydralisk  
  107  6:50  Zergling x12  
  117  6:59  Zergling x6  
  120  7:04  Zergling x4  
  120  7:05  Zergling x4  
  120  7:07  Zergling x2  
  121  7:15  Hydralisk  
  121  7:16  Hydralisk x3  
  121  7:18  Overlord  
  121  7:20  Overlord x2  
  121  7:21  Overlord x2  
  129  7:23  Zerg Missile Weapons Level 1  
  129  7:29  Overlord  
  129  7:31  Overlord  
  129  7:33  Overlord  
  129  7:37  Hydralisk  
  129  7:38  Hydralisk x3  
  129  7:42  Hydralisk x2  
  141  7:48  Hydralisk  
  141  7:49  Hydralisk x2  
  135  8:06  Hydralisk x7  
  135  8:08  Zergling x2  
  135  8:09  Zergling x4  
  149  8:12  Zergling x4  
  149  8:14  Queen  
  135  8:28  Spire, Hydralisk x4  
  142  8:35  Zergling x10  
  147  8:47  Hydralisk x3  
  147  8:48  Hydralisk x2  
  147  9:00  Drone x7  
  147  9:01  Drone  
  141  9:14  Extractor  
  141  9:15  Hydralisk x5  
  148  9:17  Extractor  
  148  9:20  Queen  
  148  9:21  Queen  
  148  9:22  Drone  
Tags
 
Add a new tag
Caveats
  • Supply blocks, unpowered buildings, or Contaminate may cause inaccurate times.
  • Supply counts are checked every 10 seconds.